Cogmind - Beta 16 @@@ ROGUE MODE // 2025.11.14 @ 15:14:31 Player: opdo Result: Destroyed by S-10 Pest with Light Assault Rifle Performance ------------- Evolutions (0) 0 Regions Visited (3) 600 Robots Destroyed (29) 145 Value Destroyed (698) 698 Prototype IDs (0) 0 Alien Tech Used (0) 0 Bonus (0) 0 TOTAL SCORE: 1443 Bonus ------- None Cogmind --------- Core Integrity 0/250 Matter 273/300 Energy 166/170 System Corruption 0% Temperature Cool (0) Movement Rolling (115) Ox1 Location -10/Subcaves Parts ------- > --- POWER (1) -------- Makeshift Power Source > --- PROPULSION (2) --- Aluminum Leg Compact Wheel > --- UTILITY (2) ------ Large Storage Unit Structural Scanner > --- WEAPON (2) ------- Assault Rifle Light Assault Rifle > --- INVENTORY (15) --- Subdweller Power Source Subdweller Power Source Light Treads Subdweller Monowheel Subdweller Monowheel Subdweller Monowheel Improved Terrain Scanner Terrain Scan Processor Targeting Computer Propulsion Shielding Scrap Shield Subdweller Machine Gun Subdweller Shrapnel Launcher Mining Laser Peak State ------------ > --- POWER ------------ Makeshift Power Source > --- PROPULSION ------- Aluminum Leg Compact Wheel > --- UTILITY ---------- Large Storage Unit Structural Scanner > --- WEAPON ----------- Assault Rifle Mining Laser > --- INVENTORY -------- Subdweller Power Source Subdweller Power Source Light Treads Subdweller Monowheel Subdweller Monowheel Subdweller Monowheel Improved Terrain Scanner Terrain Scan Processor Targeting Computer Propulsion Shielding Light Armor Plating Scrap Shield Light Assault Rifle Subdweller Machine Gun [Rating: 12] Favorites ----------- Power Light Nuclear Core Engine Ion Engine Power Core Light Nuclear Core Propulsion Aluminum Leg Treads Light Treads Leg Aluminum Leg Wheel Compact Wheel Utility Large Storage Unit Device Structural Scanner Storage Large Storage Unit Protection Light Armor Plating Weapon Assault Rifle Ballistic Gun Assault Rifle Special Weapon Mining Laser Build | -11 -10 -10 -10 ------- Run | Yrd Mat Min Sub Slots Evolved . | . . . . Power . | . . . . Propulsion . | . . . . Utility . | . . . . Weapon . | . . . . Parts Attached 22 | 6 6 . 10 Power 4 | 1 1 . 2 Engine 3 | 1 . . 2 Core 1 | . 1 . . Reactor . | . . . . Propulsion 6 | 2 2 . 2 Treads 2 | 2 . . . Leg 3 | . 2 . 1 Wheel 1 | . . . 1 Hover . | . . . . Flight . | . . . . Utility 5 | 1 2 . 2 Device 1 | . . . 1 Storage 2 | 1 1 . . Processor . | . . . . Hackware . | . . . . Protection 2 | . 1 . 1 Artifact . | . . . . Weapon 7 | 2 1 . 4 Energy Gun . | . . . . Energy Cannon . | . . . . Ballistic Gun 6 | 2 1 . 3 Ballistic Cannon . | . . . . Launcher . | . . . . Special Weapon 1 | . . . 1 Impact Weapon . | . . . . Slashing Weapon . | . . . . Piercing Weapon . | . . . . Special Melee Weapon . | . . . . Unidentified Prototypes . | . . . . Parts Lost 5 | . 1 . 4 Power 1 | . . . 1 Propulsion 3 | . 1 . 2 Utility . | . . . . Weapon 1 | . . . 1 Highest Loss Streak 2 | . 1 . 2 To Critical Strikes . | . . . . Average Backups 10 | 1 6 10 13 Power 1 | . 1 1 1 Propulsion 2 | 1 2 3 3 Utility 4 | . 1 3 6 Weapon 1 | . 1 2 2 Tool/Special . | . . . . Unused Backups 12 | . . . 12 Power 2 | . . . 2 Propulsion 4 | . . . 4 Utility 5 | . . . 5 Weapon 1 | . . . 1 Tool/Special . | . . . . Average Slot Usage (%) 98 | . 95 100 99 Engine 4 | . 5 . 5 Core 9 | . 8 14 8 Treads 7 | . 23 . . Leg 17 | . 3 28 21 Wheel 3 | . . . 6 Device 3 | . . . 7 Storage 14 | . 14 14 14 Protection 9 | . 10 14 7 Ballistic Gun 25 | . 28 28 23 Special Weapon 2 | . . . 4 Peak Build Rating 12 | 6 9 10 12 Average Rating 9 | 4 7 9 10 On Entrance 6 | . 6 9 10 Avg Prop Armor Cover (%) 8 | . . . 8 Naked Turns . | . . . . Heaviest Build 34 | 13 31 31 34 Greatest Support 40 | 40 40 20 20 Greatest Overweight (x) 4 | 4 1 1 2 Average Overweight (x) . | . . 1 1 Largest Inventory Capacity 15 | 8 15 15 15 Average Capacity 13 | 7 10 15 15 Most Carried 15 | 3 9 13 15 Average Carried 10 | 2 6 10 14 Final Capacity 15 | 8 15 15 15 Final Carried 15 | 3 9 13 15 Class Distribution -------------------- 100% | Mutant Dominant Class ---------------- Mutant | -10/Materials Mutant | -10/Mines Mutant | -10/Subcaves Resources | -11 -10 -10 -10 ----------- Run | Yrd Mat Min Sub Matter Collected 968 | 168 340 81 379 Remotely . | . . . . Salvage Created 935 | . 419 122 394 Parts 70 | . 31 19 20 Haulers Intercepted . | . . . . Recyclers Shooed . | . . . . Parts Field Recycled . | . . . . Retrieved Matter . | . . . . Parts Self-Destructed 8 | . . . 8 Prevented . | . . . . Parts Restored . | . . . . Kills | -11 -10 -10 -10 ------- Run | Yrd Mat Min Sub Combat Hostiles Destroyed 22 | . 13 . 9 Guns 22 | . 13 . 9 Classes Destroyed 7 | . 3 2 2 Builder 3 | . . 3 . Tunneler 3 | . . 3 . Watcher 1 | . 1 . . Swarmer 7 | . 6 . 1 Grunt 7 | . 7 . . Sentry 1 | . . . 1 Subdweller 7 | . . . 7 Best Kill Streak 5 | . 5 2 2 Combat Bots Only 5 | . 5 . 2 Max Kills in Single Turn 1 | . 1 1 1 Gunslinging . | . . . . Exploded . | . . . . Melee . | . . . . Uniques/NPCs Destroyed . | . . . . Combat | -11 -10 -10 -10 -------- Run | Yrd Mat Min Sub Hostile Shots Fired 135 | . 74 . 61 Missed 46 | . 27 . 19 Hits 89 | . 47 . 42 Projectile 89 | . 47 . 42 AOE 1 | . . . 1 Damage Taken 1336 | . 524 . 812 Core 255 | . 102 . 153 Absorbed by Shields . | . . . . Core Remaining (%) 100 | 100 . . . Volleys Fired 135 | . 59 22 54 Largest 2 | . 2 2 2 Hottest 100 | . 40 40 100 Shots Fired 249 | . 118 44 87 Gun 237 | . 118 44 75 Cannon . | . . . . Launcher . | . . . . Special 12 | . . . 12 Kinetic 237 | . 118 44 75 Thermal 12 | . . . 12 Explosive . | . . . . Electromagnetic . | . . . . Robot Hit Streak 22 | . 7 5 22 Robot Miss Streak 4 | . 4 4 2 Penetration Max . | . . . . Secondary Targets 4 | . 2 . 2 Max Gunslinging Chain 1 | . 1 . 1 Shots Hit Robots 160 | . 75 21 64 Core Hits 54 | . 26 8 20 Critical Kills 1 | . . 1 . Critical Parts Destroyed . | . . . . Critical Strikes 1 | . . 1 . Destroy 1 | . . 1 . Melee Attacks . | . . . . Impact . | . . . . Slashing . | . . . . Piercing . | . . . . Sneak Attacks . | . . . . Combat Hostiles . | . . . . Follow-up Attacks . | . . . . Damage Inflicted 1775 | . 785 218 772 Guns 1774 | . 785 217 772 Cannons . | . . . . Explosions . | . . . . Melee . | . . . . Ramming 1 | . . 1 . Kinetic 1774 | . 785 217 772 Thermal . | . . . . Explosive . | . . . . Electromagnetic . | . . . . Impact . | . . . . Slashing . | . . . . Piercing . | . . . . Highest Corruption . | . . . . Average Corruption . | . . . . Corruption Purged . | . . . . Corruption Blocked . | . . . . Overload Shots . | . . . . Overflow Damage . | . . . . Projectiles . | . . . . Explosions . | . . . . Melee . | . . . . Knockbacks . | . . . . Impact . | . . . . Kinetic . | . . . . Secondary . | . . . . Self-Inflicted Damage . | . . . . Shots . | . . . . Rammed . | . . . . Targets Rammed 1 | . . 1 . Kicked 1 | . . 1 . Crushed . | . . . . Highest Temperature 102 | . 102 20 . Average Temperature 24 | . 30 9 . Received Heat Transfer 387 | . 258 . 129 Siege Activations . | . . . . Martial Activations . | . . . . Shielding Activations . | . . . . Robots Disrupted . | . . . . Combat Hostiles . | . . . . Robots Corrupted . | . . . . Combat Hostiles . | . . . . Parts Fried . | . . . . Impact Corruptions . | . . . . Robots Melted . | . . . . Combat Hostiles . | . . . . Parts Melted . | . . . . Heat Transferred . | . . . . Parts Sabotaged . | . . . . Parts Stolen . | . . . . Parts Stripped . | . . . . Power Chain Reactions . | . . . . Alert | -11 -10 -10 -10 ------- Run | Yrd Mat Min Sub Maximum Alert Level . | . . . . Low Security (%) 100 | 100 100 100 . Level 1 . | . . . . Level 2 . | . . . . Level 3 . | . . . . Level 4 . | . . . . Level 5 . | . . . . High Security . | . . . . Max Security . | . . . . Peak Influence 140 | . 140 10 . Initial 6 | . . 6 . Average 28 | . 49 . . Influence Increases 456 | . 356 30 70 Destroy 0b10 Robot/C 300 | . 260 . 40 Destroy 0b10 Robot/NC 35 | . 5 30 . Destroy Leader 52 | . 52 . . Successful Hack 9 | . 9 . . Lose Combat Pursuer 60 | . 30 . 30 Influence Decreases 406 | . 340 46 20 Entered New Map 10 | . . 10 . Time Decay 386 | . 330 36 20 Lost Part 10 | . 10 . . Squads Dispatched 2 | . 2 . . Investigation 1 | . 1 . . Extermination . | . . . . Reinforcement 1 | . 1 . . Assault . | . . . . Garrison . | . . . . Intercept . | . . . . Searches Triggered . | . . . . Construction Impeded . | . . . . Haulers Reinforced . | . . . . Active Scanning Responses . | . . . . Cargo Convoy Interrupts . | . . . . Stealth | -11 -10 -10 -10 --------- Run | Yrd Mat Min Sub Distress Signals 2 | . 2 . . Communications Jammed . | . . . . Distress Signals . | . . . . Times Spotted 37 | . 22 . 15 Peak Tracking Total 6 | . 6 . 6 Tactical Retreats 2 | . 1 . 1 Traps | -11 -10 -10 -10 ------- Run | Yrd Mat Min Sub Traps Triggered 1 | . 1 . . Indirectly . | . . . . Trap Hack Attempts . | . . . . Triggered . | . . . . Disarmed . | . . . . Reprogrammed . | . . . . Reused . | . . . . Traps Extracted . | . . . . Installed . | . . . . Triggered . | . . . . Machines | -11 -10 -10 -10 ---------- Run | Yrd Mat Min Sub Machines Disabled . | . . . . Max in Single Turn . | . . . . Machines Repaired . | . . . . Machines Dismantled . | . . . . Machines Sabotaged . | . . . . Overloaded Fab Kills . | . . . . Hacking | -11 -10 -10 -10 --------- Run | Yrd Mat Min Sub Machines Accessed 4 | . 4 . . Terminals 4 | . 4 . . Fabricators . | . . . . Repair Stations . | . . . . Recycling Units . | . . . . Scanalyzers . | . . . . Garrison Access . | . . . . Total Hacks 13 | . 13 . . Successful 4 | . 4 . . Failed 9 | . 9 . . Catastrophic . | . . . . Database Lockouts . | . . . . Manual 13 | . 13 . . Terminals 13 | . 13 . . Fabricators . | . . . . Repair Stations . | . . . . Recycling Units . | . . . . Scanalyzers . | . . . . Garrison Access . | . . . . Terminal Hacks 1 | . 1 . . Terminal Index 1 | . 1 . . Fabricator Hacks . | . . . . Repair Station Hacks . | . . . . Recycling Unit Hacks . | . . . . Scanalyzer . | . . . . Garrison Access Hacks . | . . . . Unauthorized Hacks 3 | . 3 . . Terminals 3 | . 3 . . Botnet 1 | . 1 . . Skim 2 | . 2 . . Fabricators . | . . . . Repair Stations . | . . . . Recycling Units . | . . . . Scanalyzers . | . . . . Garrison Access . | . . . . Data Cores Recovered . | . . . . Used . | . . . . Hacking Detections 4 | . 4 . . Full Trace Events . | . . . . Feedback Events . | . . . . Feedback Blocked . | . . . . Robot Schematics Acquired . | . . . . Robots Built . | . . . . Authchips . | . . . . Time . | . . . . Total Robot Build Rating . | . . . . Part Schematics Acquired . | . . . . Parts Built . | . . . . Authchips . | . . . . Time . | . . . . Total Part Build Rating . | . . . . Part Studies Acquired . | . . . . Parts Repaired . | . . . . Time . | . . . . Parts Recycled . | . . . . Recycled Matter . | . . . . Retrieved Matter . | . . . . Retrieved Components . | . . . . Parts Scanalyzed . | . . . . Part Schematics Acquired . | . . . . Parts Damaged . | . . . . Bothacking | -11 -10 -10 -10 ------------ Run | Yrd Mat Min Sub Used RIF Installer . | . . . . Robots Hacked . | . . . . Non-combat . | . . . . Combat . | . . . . Robot Hacks Applied . | . . . . Relay Couplers Released . | . . . . Fabnet Peak Effective % . | . . . . Robots Rewired . | . . . . Allies Hacked . | . . . . Hacks Repelled . | . . . . Allies | -11 -10 -10 -10 -------- Run | Yrd Mat Min Sub Total Allies . | . . . . Largest Group . | . . . . Highest-Rated Group . | . . . . Highest-Rated Ally . | . . . . Total Orders . | . . . . Ally Attacks . | . . . . Total Damage . | . . . . Kills . | . . . . Allies Corrupted . | . . . . Allies Melted . | . . . . Intel | -11 -10 -10 -10 ------- Run | Yrd Mat Min Sub Active Infowar (turns) 637 | . . . 637 Structural 637 | . . . 637 Robot Analysis Total . | . . . . Derelict Logs Recovered 3 | . . 1 2 Drone Launches . | . . . . Drone Recoveries . | . . . . Exploration | -11 -10 -10 -10 ------------- Run | Yrd Mat Min Sub Turns Passed 2680 | 86 790 539 1265 Spaces Moved 1355 | 50 358 249 698 Core 14 | 14 . . . Treads 341 | 36 305 . . Legs 585 | . 53 249 283 Wheels 415 | . . . 415 Hover . | . . . . Flight . | . . . . Fastest Speed 50 | 50 160 190 115 Average Speed 159 | 151 165 190 146 Slowest Speed 260 | 250 240 190 260 Overloaded Moves . | . . . . Propulsion Burnouts . | . . . . Robots Hopped . | . . . . Potential Cave-ins . | . . . . Cave-ins Triggered . | . . . . Exploration Rate (%) 39 | 3 75 36 45 Regions Visited 3 Branch Regions 2 Pre-discovered Areas . | . . . . Known Exits Taken . | . . . . Unknown Exits Taken 3 | 1 1 1 . Scrap Searched . | . . . . Spaces Dug . | . . . . Terrain Destroyed . | . . . . Melee . | . . . . Projectile . | . . . . AOE . | . . . . Terrain Rammed . | . . . . Walls Destroyed . | . . . . Machines Disabled . | . . . . Actions | -11 -10 -10 -10 --------- Run | Yrd Mat Min Sub Total 1615 | 58 449 275 833 Wait 67 | . 18 . 49 Move 1352 | 49 357 248 698 Hop . | . . . . Pick Up 21 | 3 6 4 8 Fast Attach 8 | 6 2 . . Attach 4 | . . . 4 Detach . | . . . . Swap 19 | . 4 . 15 Drop 8 | . 3 . 5 Fire 135 | . 59 22 54 Melee . | . . . . Ram . | . . . . Kick 1 | . . 1 . Crush . | . . . . Escape Stasis . | . . . . Rewire . | . . . . Trap . | . . . . Miscellaneous . | . . . . Route ------- -11/Scrapyard -10/Materials (discovered 3 exits: [*Mat x2] / [*Min]) -10/Mines (discovered 2 exits: [*Mat] / [*Sub]) -10/Subcaves (discovered 1 exit: [*Rec]) History --------- Turn | Location | Event 3 | -11/Scrapyard | Discovered new exit (range 15) 87 | -11/Scrapyard | Entered Materials 317 | -10/Materials | Build established: Mutant 431 | -10/Materials | Discovered new exit (range 14) 588 | -10/Materials | Discovered new exit (range 14) 655 | -10/Materials | Discovered new exit (range 6) 877 | -10/Materials | Entered Mines 900 | -10/Mines | Discovered new exit (range 10) 965 | -10/Mines | Learned location of 1 exit from Materials 1409 | -10/Mines | Discovered new exit (range 5) 1416 | -10/Mines | Entered Subcaves 1417 | -10/Subcaves | Approached by a straggling Scientist 1428 | -10/Subcaves | A swath of the cavern ceiling suddenly collapsed 1563 | -10/Subcaves | Core integrity fell below 50% 1613 | -10/Subcaves | Learned Materials security intel 1894 | -10/Subcaves | Core integrity fell below 20% 2001 | -10/Subcaves | A swath of the cavern ceiling suddenly collapsed 2381 | -10/Subcaves | Shifting Twisted Machinery released Mak. Power Source 2412 | -10/Subcaves | Shifting Twisted Machinery released Sub. Shrapnel Launcher 2515 | -10/Subcaves | Learned Materials stockpile data 2675 | -10/Subcaves | Discovered new exit (range 14) 2681 | -10/Subcaves | Destroyed by S-10 Pest with Light Assault Rifle Last Messages --------------- 02266_ Dropped Lgt. Armor Plating. 02267_ Acquired Sub. Power Source. 02306_ 72-TZG(R) destroyed. 02309_ Acquired 43 matter. 02328_ 3A-171(R) destroyed. 02331_ Acquired 24 matter. Mak. Power Source falls loose from the Twisted Machinery. 02394_ Dropped Ion Engine. 02409_ Acquired 11 matter. Sub. Shrapnel Launcher falls loose from the Twisted Machinery. 02418_ Acquired 6 matter. 02422_ Dropped Lgt. Armor Plating. 02422_ Acquired Sub. Shrapnel Launcher. 02515_ Acquired derelict log, extracted data. Data stored: Materials stockpile data. 02675_ EXIT=FOUND 02681_ S-10 Pest destroyed. 02681_ Switching to secondary target: S-10 Pest. Map ----- +----------------------------------------------------+ | ?????????????????????????????????????????????????# | | ?????????????????????????????????????????????????# | | ?????????????????????????????????????????????????# | | ?????????????????????????????????????????????????# | | ?????????????????????????????????????????????????# | | ?????????????????????????????????????????????????? | | ?????????????????????????????????????????????????? | | ?????????????????????????????????????????????????? | | ?????????????????????????????????????????????????? | | ?????????????????????????????????????????????????? | | ?????????????????????????????????????????????????? | | ?????????????????????????????????????????????????? | | ?????????????????????????????????????????????????? | | ?????????????????????????????????????????????????? | | ?????????????????????????????????????????????????? | | ?????????????????????????????????????????????????? | | ????????????????## ????######????############???? | | ????????????????### ???########################??? | | ????????????????"# % ##### ######## ### ###??? | | ?????????##"???? # #### ## ##??? | | ?????????##" ## % ## ###### | | ????????###"" ## ###### | | ????????##< ss ### | | ????????###"" ##%s | | ?????????##" # ?### | | ?????????##"???? ###??## @ * | | ????????????????"###??## && ### ## | | ???????????????????##### &#### ### | | ??????????????????### ##### #### | | ????????????????#### ##### ## ###? | | ???????????????## [ # #### ###?? | | ????????????? ## ###########?? | | ??????????????## ## ############??? | | ??????????????## ### ### #####??????????? | | ??????????????# #### ### ##????????????? | | ?????????????## ##### ### ###????????????? | | ?????????????# #?##### ## ###????????????? | | ?????????????# ############ ##?????????????? | | ????????????## ######### ###???????????? | | ???????????##% % # ### ## ##??????????? | | ???????????# ! #??????????? | | ???????????# # % ### ##??????????? | | ???????????# ######## ### ##?####???????????? | | ???????????## ###????###?###?????????????????? | | ????????????## #????????????????????????????? | | ?????????????## ##????????????????????????????? | | ??????????????## ##????????????????????????????? | | ???????????????# #????????????????????????????? | | ???????????###?# #????????????????????????????? | | ???? ## # ##????????????????????????????? | +----------------------------------------------------+ Best States ------------- Heat Dissipation 25 Energy Generation 15 Energy Capacity 250 Matter Stores 300 Matter Capacity 300 Sight Range 16 Terrain Scan Density 10 Armor Coverage 150 Evasion (%) 40 Recoil Reduction 2 Item Schematics ----------------- None Robot Schematics ------------------ None Fabricated ------------ Nothing Repaired ---------- Nothing Studied --------- None Alien Tech Used ----------------- None Achievements -------------- None Challenges ------------ None Game ------ Seed CommHackingFalx Manual? 0 Play Time 00:14:36 Cumulative 127.5 hours Start 2025.11.14 @ 15:04:32 End 2025.11.14 @ 15:14:31 Sessions 1 Manual Loads 0 Difficulty Rogue Special Mode None Game No. 325 Rogue 323 Adventurer 2 Explorer 0 Win Type - Total 1 Types 1/0/0/0/0/0/0/0/0/0 Lore% 80 Gallery% 62 Achievement% 41 Wizard Run 0 Options --------- Layout 2 ASCII 0 Keyboard 0 Movement Numpad Keybinds 0 Fullscreen 2 Font 24/Smallcaps Map View 50x44 Zoom Use 0% Tactical HUD 1 Map Filters NONE Filters NONE Steam 1 RUN: dca8e76f-03b9-444b-887c-39584b25721f